 Dungeon Crawl Stone Soup version 0.18.1-50-g88ac8fd (webtiles) character file.

2862 Raawgnar the Spear-Bearer (level 9, -2/69 HPs)
             Began as a Merfolk Gladiator on Oct 15, 2016.
             Was a Believer of the Shining One.
             Slain by a gnoll sergeant
             ... wielding a +4 spear of venom
              (11 damage)
             ... on level 7 of the Dungeon.
             The game lasted 02:43:58 (7306 turns).

Raawgnar the Spear-Bearer (Merfolk Gladiator)       Turns: 7306, Time: 02:43:59

Health: -2/69      AC: 11    Str: 22    XL:     9   Next: 75%
Magic:  12/12      EV: 18    Int:  7    God:    the Shining One [**....]
Gold:   274        SH:  0    Dex: 16    Spells: 0 memorised, 8 levels left

rFire  + . .     SeeInvis .     a - +1 trident
rCold  + . .     Gourm    +     h - +2 robe {MR+}
rNeg   + . .     Faith    .     (no shield)
rPois  +         Spirit   .     x - +2 helmet
rElec  +         Dismiss  .     B - +2 cloak
rCorr  +         Reflect  .     (no gloves)
SustAt .         Harm     .     r - +0 pair of boots
MR     +....                    c - amulet of the gourmand
Stlth  +.........               (no ring)
                                (no ring)

@: mighty, lethally poisoned (-2 -> -33), resistant, glowing, somewhat resistant
to hostile enchantments, very unstealthy
A: change form in water, swift swim
a: Divine Shield, Renounce Religion


You were on level 7 of the Dungeon.
You worshipped the Shining One.
The Shining One was pleased with you.
You were very full.

You visited 2 branches of the dungeon, and saw 8 of its levels.

You collected 306 gold pieces.
You spent 32 gold pieces at shops.

Inventory:

Hand Weapons
 a - a +1 trident (weapon)
 m - a +1 hunting sling of flaming
 v - a +0 shortbow
 A - a +0 glaive
 J - a +0 halberd
 K - a +1 great sword of freezing
 N - a +2 spear
Missiles
 d - 2 throwing nets
 g - 199 stones
 j - 72 bolts
 C - 195 arrows
 G - 5 tomahawks (quivered)
 P - 3 javelins
Armour
 h - a +2 robe of magic resistance (worn)
 k - a +0 scale mail
 n - a +0 ring mail
 r - a +0 pair of boots (worn)
 x - a +2 helmet (worn)
 B - a +2 cloak (worn)
 E - a +0 plate armour
Jewellery
 c - an amulet of the gourmand (around neck)
 s - an uncursed amulet of magic regeneration
 O - an uncursed amulet of rage
Wands
 e - a wand of digging (1/24)
 i - a wand of flame (19/48)
 o - a wand of disintegration (12/24)
 y - a wand of acid (6/15)
Scrolls
 l - 6 scrolls of remove curse
 t - 3 scrolls of identify
 D - a scroll of immolation
 M - a scroll of vulnerability {unknown}
Potions
 q - 2 potions of brilliance
 z - a potion of flight
 L - a potion of resistance
Miscellaneous
 I - a plain deck of wonders
Comestibles
 b - 4 meat rations
 f - 4 bread rations
 u - 3 beef jerkies
 w - a slice of pizza
 F - 10 fruits
 H - 9 chunks of flesh


   Skills:
 + Level 5.8 Fighting
 * Level 13.1 Polearms
 - Level 2.0 Throwing
 + Level 0.5 Armour
 + Level 9.3 Dodging
 * Level 4.7 Invocations
 - Level 0.4 Evocations


You had 8 spell levels left.
You didn't know any spells.

Dungeon Overview and Level Annotations

Branches:
Dungeon (7/15)             Temple (1/1) D:4

Altars:
Ashenzari
Cheibriados
Elyvilon
Fedhas
Gozag
Kikubaaqudgha
Makhleb
Nemelex Xobeh
Okawaru
Pakellas
Qazlal
Ru
Vehumet
Xom
Yredelemnul
Zin
The Shining One

Shops:
D:5 %


Message History

* * * LOW HITPOINT WARNING * * *
You are more poisoned.
The hippogriff closely misses you. The hippogriff barely misses you.
The hippogriff claws you but does no damage.
Drink which item? (? for menu, Esc to quit)
It was a potion of might.
You feel very mighty all of a sudden.
* * * LOW HITPOINT WARNING * * *
You feel very sick. The gnoll sergeant closely misses you.
The hippogriff misses you. x2
The hippogriff claws you but does no damage.
Read which item? (? for menu, Esc to quit)
Okay, then.
Drink which item? (? for menu, Esc to quit)
It was a potion of resistance.
You feel protected.
* * * LOW HITPOINT WARNING * * *
You feel very sick.
The gnoll sergeant hits you from afar with a spear of venom!
You die...

########.###
###..
#.).)....#
#....
#.######## ..
#.... #.#
###### .. ...#
#.# #.....
###.# ..# #.#
#.#### ....
#.# #.# #.#
#..#####.###.#
#.#
#..#)H@....(.#
#.#
#..g###.#####
###.# ##..#
#.# #<..# #..#
#.# ##### #..#
#.# ..#####..#
#.# #........#
#.# #........#
#.#
#.....g...#


You could see a hippogriff and a gnoll sergeant.

Vanquished Creatures
  The ghost of tailblues the Charmwright, a novice HESk of Sif Muna (D:5)
  Eustachio (D:5)
  Duvessa (D:4)
  A water moccasin (D:5)
  A black bear (D:6)
  A phantom (D:7)
  An ogre (D:6)
  5 centaurs
  Blork the orc (D:6)
  4 giant frogs
  Dowan (D:4)
  2 scorpions
  4 wights (D:6)
  A howler monkey (D:7)
  A crimson imp (D:6)
  A jelly (D:6)
  4 hounds
  Crazy Yiuf (D:5)
  2 iguanas
  2 orc priests (D:5)
  A gnoll shaman (D:6)
  A giant frog skeleton (D:5)
  6 orc wizards
  A worker ant (D:6)
  10 gnolls
  8 adders
  3 shadow imps
  3 oozes
  3 adder zombies
  2 worms
  3 dart slugs
  9 giant geckos
  19 orcs
  4 giant cockroaches
  7 goblins
  7 hobgoblins
  6 jackals
  8 kobolds (D:1)
  A quokka (D:5)
  2 ball pythons
  9 bats
  A giant gecko skeleton (D:5)
  4 giant newts
  8 rats
162 creatures vanquished.

Notes
Turn   | Place    | Note
--------------------------------------------------------------
     0 | D:1      | Raawgnar the Merfolk Gladiator began the quest for the Orb.
     0 | D:1      | Reached XP level 1. HP: 16/16 MP: 1/1
   236 | D:1      | Reached skill level 5 in Polearms
   236 | D:1      | Reached XP level 2. HP: 21/22 MP: 2/2
   539 | D:1      | Reached XP level 3. HP: 28/28 MP: 3/3
  1328 | D:2      | Reached skill level 6 in Polearms
  1328 | D:2      | Reached XP level 4. HP: 30/34 MP: 4/4
  2076 | D:2      | Found a shimmering altar of Xom.
  2102 | D:2      | Found a shimmering altar of Xom.
  2443 | D:3      | Reached XP level 5. HP: 40/40 MP: 5/5
  2622 | D:4      | Got an ancient longbow
  2659 | D:4      | Reached skill level 7 in Polearms
  2890 | D:4      | Reached skill level 5 in Dodging
  3020 | D:4      | Found a staircase to the Ecumenical Temple.
  3023 | D:4      | Noticed Dowan
  3059 | D:4      | Killed Dowan
  3059 | D:4      | Reached XP level 6. HP: 41/47 MP: 6/6
  3078 | D:4      | Noticed Duvessa
  3187 | D:4      | Reached skill level 8 in Polearms
  3490 | Temple   | Entered the Ecumenical Temple
  3546 | Temple   | Became a worshipper of the Shining One
  3681 | D:4      | Killed Duvessa
  3893 | D:4      | Found an oddly glowing altar of Pakellas.
  4025 | D:5      | Entered Level 5 of the Dungeon
  4025 | D:5      | Found Rutodim's Food Shop.
  4044 | D:5      | Bought a beef jerky for 16 gold pieces
  4044 | D:5      | Bought a beef jerky for 16 gold pieces
  4208 | D:5      | Reached XP level 7. HP: 51/53 MP: 7/7
  4342 | D:5      | Reached skill level 9 in Polearms
  4582 | D:5      | Reached skill level 1 in Invocations
  4615 | D:5      | Noticed tailblues's ghost (novice HESk)
  5318 | D:5      | Killed tailblues's ghost
  5318 | D:5      | Reached skill level 10 in Polearms
  5318 | D:5      | Reached XP level 8. HP: 49/61 MP: 9/9
  5834 | D:5      | Noticed Eustachio
  5837 | D:5      | Noticed Crazy Yiuf
  5844 | D:5      | Killed Crazy Yiuf
  5870 | D:5      | Killed Eustachio
  5917 | D:6      | Reached * piety under the Shining One
  5955 | D:6      | Reached skill level 11 in Polearms
  6029 | D:6      | Reached skill level 5 in Fighting
  6082 | D:6      | Noticed Blork the orc
  6108 | D:6      | Killed Blork the orc
  6108 | D:6      | Reached XP level 9. HP: 53/68 MP: 11/11
  6519 | D:7      | Reached skill level 12 in Polearms
  6878 | D:6      | Reached ** piety under the Shining One
  7285 | D:7      | Reached skill level 13 in Polearms
  7306 | D:7      | Slain by a gnoll sergeant

Skill      XL: |  1  2  3  4  5  6  7  8  9 |
---------------+----------------------------+-----
Polearms       | 5 6 7 8 10 11 13 | 13.1
Fighting       | 3 4 5 |  5.8
Dodging        | 5 6 7 8 9 |  9.3
Invocations    | 2 3 4 |  4.7
Throwing       | |  2.0
Armour         | |  0.5
Evocations     | |  0.4

Action                   |  1- 3 |  4- 6 |  7- 9 || total
-------------------------+-------+-------+-------++-------
Melee: Trident           |    99 |   267 |   502 ||   868
       Glaive            |       |       |    42 ||    42
Throw: Throwing net      |       |       |     1 ||     1
Evoke: Wand              |       |       |     2 ||     2
  Use: Scroll            |       |     8 |     8 ||    16
       Potion            |       |     1 |     2 ||     3
  Eat: Chunk             |     1 |    18 |    12 ||    31
Armor: Scale mail        |    30 |     8 |       ||    38
       Ring mail         |       |    32 |       ||    32
       Robe              |       |    25 |   122 ||   147
Dodge: Dodged            |    38 |   130 |   253 ||   421
